 Dungeon Crawl Stone Soup version 0.24-a0-520-g8fd06ad0bc (webtiles) character file.

Game seed: 8636214280279873553

65 Leero the Chiller (level 4, -10/28 HPs)
             Began as an Octopode Ice Elementalist on July 27, 2019.
             Mangled by Crazy Yiuf
             ... wielding a +2 quarterstaff of chaos
              (11 damage)
             ... on level 2 of the Dungeon.
             The game lasted 00:08:52 (1526 turns).

Leero the Chiller (Octopode Ice Elementalist)       Turns: 1526, Time: 00:08:53

Health: -10/28     AC:  1    Str:  7    XL:     4   Next: 13%
Magic:  4/7        EV: 13    Int: 17    God:
Gold:   143        SH:  0    Dex: 13    Spells: 1/7 levels left

rFire    + . .     SeeInvis .   m - +0 dagger
rCold    x . .     Gourm    .   (no shield)
rNeg     . . .     Faith    .   (helmet restricted)
rPois    .         Spirit   .   (no amulet)
rElec    .         Reflect  .   n - ring of fire
rCorr    .         Harm     .   (no ring)
MR       .....                  (no ring)
Stlth    +++.......             (no ring)
HPRegen  0.09/turn              (no ring)
MPRegen  0.10/turn              (no ring)
                                (no ring)
                                (no ring)

@: no status effects
A: almost no armour, stealthy swim, amphibious, 8 rings, constrict 8, camouflage
1, gelatinous body 1
a: no special abilities


You were on level 2 of the Dungeon.
You were not hungry.

You visited 1 branch of the dungeon, and saw 2 of its levels.

You collected 143 gold pieces.

Inventory:

Hand Weapons
 m - a +0 dagger (weapon)
Missiles
 e - 110 stones
 o - a javelin (quivered)
Jewellery
 n - a ring of fire (left tentacle)
Scrolls
 a - 3 scrolls of remove curse {unknown}
 c - 2 scrolls of magic mapping {unknown}
 g - a scroll of random uselessness {unknown}
 h - a scroll of identify {unknown}
 i - a scroll of teleportation {unknown}
 j - 2 scrolls of fear {unknown}
Potions
 d - 2 potions of curing {unknown}
 f - a potion of agility {unknown}
 l - a potion of ambrosia {unknown}
Comestibles
 b - 3 rations
 k - a chunk of flesh


   Skills:
 - Level 1.2 Fighting
 - Level 2.0 Dodging
 - Level 3.0 Stealth
 - Level 2.0 Spellcasting
 - Level 1.0 Conjurations
 + Level 4.4 Ice Magic


You had one spell level left.
You knew the following spells:

 Your Spells              Type           Power        Failure   Level  Hunger
a - Freeze                Ice            ###.         3%          1    #......
b - Throw Frost           Conj/Ice       ##....       10%         2    ###....
c - Ozocubu's Armour      Chrm/Ice       #.......     24%         3    ###....

Your spell library contained the following spells:

 Spells                   Type           Power        Failure   Level  Hunger
 Throw Icicle             Conj/Ice       ##......     54%         4    #####..
 Summon Ice Beast         Ice/Summ       #.......     61%         4    #####..


Dungeon Overview and Level Annotations

Branches:
Dungeon (2/15)

Altars:

Annotations:
D:2 Crazy Yiuf


Innate Abilities, Weirdness & Mutations

You cannot wear most types of armour.
You are very stealthy in the water. (Stealth+)
You are amphibious.
You can wear up to eight rings at the same time.
You can use your tentacles to constrict eight enemies at once.
Your skin changes colour to match your surroundings (Stealth+).
Your rubbery body absorbs attacks. (AC +1, EV +1)


Message History

Crazy Yiuf is heavily wounded.
Crazy Yiuf barely misses you.
Casting: Freeze (safe; 3% risk of failure)
Confirm with . or Enter, or press ? or * to list all spells.
Aiming: Freeze (safe; 3% risk of failure)
Press: ? - help, Shift-Dir - straight line, f/p - Crazy Yiuf
Aim: Crazy Yiuf, wielding a +2 quarterstaff of chaos and wearing a +0 cloak of poison resistance (heavily wounded)
You freeze Crazy Yiuf.
Crazy Yiuf is heavily wounded.
Crazy Yiuf hits you with a +2 quarterstaff of chaos!
* * * LOW HITPOINT WARNING * * *
Casting: Freeze (safe; 3% risk of failure)
Confirm with . or Enter, or press ? or * to list all spells.
Aiming: Freeze (safe; 3% risk of failure)
Press: ? - help, Shift-Dir - straight line, f/p - Crazy Yiuf
Aim: Crazy Yiuf, wielding a +2 quarterstaff of chaos and wearing a +0 cloak of poison resistance (heavily wounded)
You freeze Crazy Yiuf.
Crazy Yiuf is severely wounded.
Crazy Yiuf hits you with a +2 quarterstaff of chaos!
You die...

#.###.#####.#
#....†...##>#
#####.##.##.##
####......
#....## #.####
##### ♣♣##..#
#)..#♣♣ ♣♣.....#
#.g@'.♣♣♣♣......#
#...#♣..♣......##
#####♣♣♣.♣....##
♣♣♣♣♣###


You could see Crazy Yiuf.

Vanquished Creatures
  Jessica (D:2)
  An adder (D:2)
  2 dart slugs (D:2)
  A leopard gecko (D:1)
  A ball python (D:2)
  A bat (D:2)
  3 giant cockroaches
  2 goblins
  3 hobgoblins
  2 frilled lizards
  5 kobolds
  4 rats
26 creatures vanquished.

Notes
Turn   | Place    | Note
-------+----------+-------------------------------------------
     0 | D:1      | Leero the Octopode Ice Elementalist began the quest for the
                  | Orb.
     0 | D:1      | Reached XP level 1. HP: 11/11 MP: 3/3
   476 | D:1      | Reached XP level 2. HP: 17/17 MP: 3/5
   480 | D:1      | Learned a level 2 spell: Throw Frost
   843 | D:2      | Noticed Jessica
   946 | D:2      | Reached skill level 4 in Ice Magic
   946 | D:2      | Reached XP level 3. HP: 3/21 MP: 0/6
  1259 | D:2      | Learned a level 3 spell: Ozocubu's Armour
  1286 | D:2      | Found a runed translucent door.
  1287 | D:2      | Noticed Crazy Yiuf
  1396 | D:2      | Killed Jessica
  1396 | D:2      | Reached skill level 1 in Fighting
  1396 | D:2      | Reached XP level 4. HP: 28/28 MP: 5/7
  1525 | D:2      | HP: 1/28 [Crazy Yiuf/+2 quarterstaff of chaos (13)]
  1526 | D:2      | Mangled by Crazy Yiuf

Levels and vault maps discovered:
D:1:      psy_arrival_spokes, layout_loops_cross
D:2:      minmay_alternating_diamond, layout_loops_cross,
          gammafunk_temple_overflow_elements, first_ration,
          uniq_crazy_yiuf_cottage, uniq_jessica

Skill      XL: |  1  2  3 |
---------------+----------+-----
Stealth        | 3 |  3.0
Ice Magic      | 4 |  4.4
Fighting       | 1 |  1.2
Dodging        | |  2.0
Spellcasting   | |  2.0
Conjurations   | |  1.0

Action                   |  1- 3 |  4- 6 || total
-------------------------+-------+-------++-------
Melee: Unarmed           |    21 |       ||    21
       Constrict         |     9 |       ||     9
       Tentacles         |     5 |     1 ||     6
       Dagger            |     8 |     2 ||    10
Throw: Stone             |     7 |     1 ||     8
       Javelin           |     6 |       ||     6
 Cast: Freeze            |    13 |     4 ||    17
       Throw Frost       |     5 |       ||     5
 Stab: Sleeping          |     9 |       ||     9
  Eat: Chunk             |     2 |       ||     2
Armor: Skin              |     3 |       ||     3
Dodge: Dodged            |    20 |     2 ||    22

Table legend:
 A = Non-vault XP
 B = Vault XP
 C = Vault XP percentage of total XP
 D = Non-vault monster count
 E = Vault monster count
 F = Vault count percentage of total count
                 A         B        C        D         E       F
            +---------+---------+-------+---------+---------+-------
      Total |      52 |      41 |  44.1 |      22 |       4 |  15.4
            +---------+---------+-------+---------+---------+-------
        D:1 |      15 |       0 |   0.0 |       9 |       0 |   0.0
        D:2 |      37 |      41 |  52.6 |      13 |       4 |  23.5
            +---------+---------+-------+---------+---------+-------
